Map: Dash and Terminal LE (Void)

Players

SticklerMac - Winner!

  • Race: Zerg Zerg
  • League: Bronze

Kladendes

  • Race: Zerg Zerg
  • League: Grandmaster

VOD

Have the link to the VOD?

Description

Time

  • Played on: Aug. 12, 2015, 10:33 a.m.
  • Length: 4:53
Show
View Real Time Build Order
Export as new Build Order

SticklerMac Zerg - Winner!

Build Orders: Pool First 

Get SALT Encoding   

  12  0:02  Drone  
  13  0:09  Drone  
  14  0:27  Spawning Pool  
  13  0:30  Drone  
  13  0:34  Extractor  
  13  0:36  Drone  
  14  0:45  Overlord  
  14  1:04  Drone x2  
  16  1:05  Drone  
  17  1:14  Queen  
  19  1:20  Drone  
  20  1:26  Drone  
  21  1:39  Drone  
  22  1:53  Zergling x2  
  22  2:04  Overlord  
  22  2:08  Hatchery  
  21  2:16  Drone  
  21  2:17  Baneling Nest  
  21  2:23  Metabolic Boost  
  21  2:25  Zergling x2  
  22  2:34  Overlord  
  22  2:53  Zergling x6  
  25  3:02  Zergling x8  
  29  3:10  Zergling x2  
  30  3:20  Drone  
  30  3:21  Queen  
  30  3:22  Overlord  
  33  3:28  Zergling x4  
  35  3:36  Zergling x2  
  35  3:41  Overlord  
  36  3:55  Zergling x10  
  40  4:00  Zergling x2  
  40  4:01  Zergling x2  
  40  4:09  Baneling x4  
  40  4:10  Baneling  
Show
View Real Time Build Order
Export as new Build Order

Kladendes Zerg 

Build Orders: Pool First 

Get SALT Encoding   

  12  0:01  Drone  
  13  0:09  Drone  
  14  0:18  Overlord  
  14  0:35  Spawning Pool  
  13  0:37  Drone  
  14  0:43  Drone  
  15  0:51  Drone x2  
  17  1:14  Drone  
  17  1:15  Hatchery  
  17  1:19  Drone  
  17  1:25  Zergling x2  
  19  1:30  Queen  
  21  1:36  Overlord  
  21  1:56  Drone x2  
  23  2:10  Drone  
  23  2:14  Drone  
  25  2:21  Queen  
  27  2:37  Spine Crawler  
  27  2:38  Drone x2  
  28  2:50  Drone  
  28  2:57  Extractor x2  
  26  3:10  Drone x2  
  28  3:20  Drone  
  29  3:31  Drone  
  29  3:32  Drone x3  
  33  3:37  Drone x3  
  33  3:39  Overlord  
  36  4:02  Zergling x14  
  31  4:14  Roach Warren  
  31  4:17  Evolution Chamber x2  
Tags
 
Add a new tag
Caveats
  • Supply blocks, unpowered buildings, or Contaminate may cause inaccurate times.
  • Supply counts are checked every 10 seconds.